AoeStats
← NPG | Shimishi Maki

MegaRandom

510220385Analyzed
4v4 RM · 2d ago on Sep 30, 2026· 36m 51s· 8 players
Game mode
Random Map
Map size
Large (8 player)
Population
200
Speed
Normal
Resources
Standard
Victory
Conquest
Starting age
Dark Age
Ending age
Imperial Age
RankedLock teamsTeams togetherTeam positionsShared explorationLock speedFull tech treeHidden civsTurbo modeCheats
Victory
Defeat
1685
+6
🇨🇱 Turks · Chile
1503
+12
🇨🇱 Huns · Chile
1340
+17
🇨🇱 Britons · Chile
1311
+19
🇬🇧 Varangians · United Kingdom
1420
-14
🇺🇸 Magyars · United States
1418
-14
🇺🇸 Romans · United States
1412
-14
🇧🇷 Wu · Brazil
1370
-12
Chase_The_Dragon
9:07 Loom
11:15 Feudal Age
11:57 Town Watch
13:03 Wheelbarrow
16:15 Castle Age
15:19 Scale Barding Armor
16:19 Bloodlines
17:01 Horse Collar
18:42 Light Cavalry
33:00 Imperial Age
31:07 Stone Mining
31:40 Fletching
31:59 Double-Bit Axe
32:47 Gold Mining
33:53 Bodkin Arrow
34:55 Murder Holes
frivolous spender
11:23 Feudal Age
13:24 Bloodlines
14:35 Double-Bit Axe
14:33 Horse Collar
15:10 Scale Barding Armor
20:18 Loom
27:08 Castle Age
26:29 Horse Collar
26:57 Fletching
30:57 Bodkin Arrow
36:24 Corvinian Army
wagwan_son
4:01 Loom
13:38 Feudal Age
15:28 Double-Bit Axe
17:52 Castle Age
17:50 Horse Collar
18:59 Bow Saw
18:53 Fletching
22:08 Forging
22:06 Scale Barding Armor
25:36 Heavy Plow
27:25 Wheelbarrow
29:06 Chain Barding Armor
29:38 Bloodlines
29:32 Husbandry
30:17 Iron Casting
30:42 Stone Mining
32:14 Hand Cart
35:19 Imperial Age
35:55 Bodkin Arrow
Mionel Lessi
2:41 Loom
12:33 Feudal Age
13:55 Wheelbarrow
13:25 Double-Bit Axe
13:27 Horse Collar
17:06 Fletching
21:44 Castle Age
19:59 Stone Mining
20:26 Gold Mining
20:27 Town Watch
23:35 Hand Cart
24:33 Bodkin Arrow
25:15 Bow Saw
26:39 Padded Archer Armor
27:38 Leather Archer Armor
28:28 Ballistics
28:05 Murder Holes
29:56 Stone Shaft Mining
29:30 Treadmill Crane
30:06 Masonry
32:03 Red Cliffs Tactics
38:46 Imperial Age
NPG-Dastinx9999 T.TV
4:08 Loom
7:15 Loom
11:40 Feudal Age
15:51 Castle Age
22:21 Double-Bit Axe
23:38 Crossbowman
25:44 Fletching
28:04 Wheelbarrow
27:50 Horse Collar
29:16 Town Watch
33:04 Bow Saw
37:21 Imperial Age
37:13 Hand Cart
NPG | DR@CA
2:28 Loom
10:54 Feudal Age
11:34 Double-Bit Axe
14:10 Forging
24:13 Castle Age
22:05 Horse Collar
27:07 Bloodlines
26:57 Husbandry
32:08 Fletching
33:23 Wheelbarrow
34:23 Bow Saw
35:19 Town Watch
35:53 Scale Barding Armor
35:54 Heavy Plow
NPG | Kraxher
3:29 Loom
11:00 Feudal Age
14:51 Castle Age
13:32 Double-Bit Axe
15:17 Bloodlines
21:28 Husbandry
23:46 Scale Barding Armor
23:49 Fletching
25:17 Light Cavalry
28:32 Wheelbarrow
28:35 Pikeman
30:42 Horse Collar
32:50 Scale Mail Armor
34:18 Forging
36:01 Chain Mail Armor
36:25 Hand Cart
37:16 Bow Saw
NPG | Shimishi Maki
2:47 Loom
11:00 Feudal Age
11:04 Feudal Age
15:10 Castle Age
13:08 Double-Bit Axe
13:03 Horse Collar
15:10 Town Watch
15:16 Horse Collar
16:06 Bow Saw
27:29 Wheelbarrow
27:58 Fletching
31:48 Imperial Age
29:42 Scale Barding Armor
30:56 Chain Barding Armor
30:52 Stone Mining
31:08 Heavy Plow
31:48 Bloodlines
31:39 Husbandry
33:35 Plate Barding Armor
33:34 Caravan
33:52 Forging
36:22 Hand Cart
Connection lost

Rejoining the realm…

Still unreachable

The connection could not be restored.

Session expired

The server has moved on; the page needs a fresh start.